 Dungeon Crawl Stone Soup version 0.22-a0-252-gcace5d2 (webtiles) character file.

117 Amnesiac the Ducker (level 4, -3/23 HPs)
             Began as a Spriggan Fighter on Mar 2, 2018.
             Slain by Natasha (7 damage)
             ... on level 2 of the Dungeon.
             The game lasted 00:01:27 (958 turns).

Amnesiac the Ducker (Spriggan Fighter)               Turns: 958, Time: 00:01:28

Health: -3/23      AC:  2    Str: 13    XL:     4   Next: 71%
Magic:  5/5        EV: 20    Int:  9    God:
Gold:   35         SH:  6    Dex: 15    Spells: 3/3 levels left

rFire    . . .     SeeInvis +   a - +0 long sword
rCold    . . .     Gourm    .   c - +0 buckler
rNeg     . . .     Faith    .   b - +0 robe
rPois    .         Spirit   .   (helmet restricted)
rElec    .         Reflect  .   (no cloak)
rCorr    .         Harm     .   (gloves unavailable)
MR       .....                  (boots unavailable)
Stlth    +.........             (no amulet)
HPRegen  0.07/turn              (no ring)
MPRegen  0.09/turn              (no ring)

@: very quick
A: very small, unfitting armour, see invisible, herbivore, speed 3, slow
metabolism 2
a: no special abilities


You were on level 2 of the Dungeon.
You were not hungry.

You visited 1 branch of the dungeon, and saw 2 of its levels.

You collected 35 gold pieces.

Inventory:

Hand Weapons
 a - a +0 long sword (weapon)
 l - a +0 hunting sling
Missiles
 k - 59 stones (quivered)
Armour
 b - a +0 robe (worn)
 c - a +0 buckler (worn)
Scrolls
 h - 2 scrolls of remove curse {!r, unknown}
 i - 2 scrolls of identify {!r, unknown}
 j - a scroll of fear {!r, unknown}
 n - a scroll of teleportation {!r, unknown}
 o - a scroll of enchant armour {!r, unknown}
Potions
 d - 2 potions of might {!q}
 e - a potion of degeneration {!q, unknown}
 g - a potion of heal wounds {!q}
 m - 2 potions of curing {!q, unknown}
Comestibles
 f - 3 rations


   Skills:
 + Level 2.9 Fighting
 - Level 2.0 Long Blades
 - Level 1.0 Armour
 * Level 6.0 Dodging
 + Level 2.5 Shields


You had 3 spell levels left.
You didn't know any spells.

Dungeon Overview and Level Annotations

Branches:
Dungeon (2/15)

Altars:

Annotations:
D:2 Natasha


Innate Abilities, Weirdness & Mutations

You are very small and have problems with some larger weapons.
You are too small for most types of armour.
You have supernaturally acute eyesight. (SInv)
You are a herbivore.
You cover ground extremely quickly.
You need consume almost no food.


Message History

You closely miss Natasha.
Natasha is almost dead.
Natasha completely misses you.
Okay, then.
Really quaff
g - 2 emerald potions {!q}?
It was a potion of heal wounds {!q}.
You feel much better.
Natasha stares at you and mumbles some strange words.
The magic dart hits you!
You hit Natasha.
You kill Natasha!
Natasha screams in fury as she dies!
Your Dodging skill increases to level 6!
You start resting.
HP restored.
m - 2 purple potions {!q}
n - a scroll labeled CIHETIANIU {!r}
o - a scroll labeled CIYXKU KUOTWI {!r}
k - 59 stones (gained 18)
You now have 35 gold pieces (gained 6).
Natasha, Servant of Life and Death comes into view.
Natasha is nearby!
Natasha is nearby!
You miss Natasha.
Natasha hisses angrily.
You block Natasha's attack.
You hit Natasha.
Natasha is moderately wounded.
Natasha mumbles some strange words.
You hit Natasha but do no damage.
Natasha is moderately wounded.
Natasha closely misses you. Natasha claws you.
You completely miss Natasha.
Natasha is moderately wounded.
Natasha casts a spell at you.
You easily resist.
You barely miss Natasha.
Natasha is moderately wounded.
The shadow imp closely misses you. Natasha completely misses you.
The shadow imp puffs mist at you. The shadow imp misses you.
You slash Natasha!
Natasha is severely wounded.
Natasha claws you but does no damage. The shadow imp completely misses you.
Natasha completely misses you.
You hit Natasha.
Natasha is almost dead.
The shadow imp misses you. Natasha casts a spell at you.
You easily resist.
Unknown command.
You closely miss Natasha.
Natasha is almost dead.
The shadow imp gestures at you. Pain shoots through your body!
* * * LOW HITPOINT WARNING * * *
Natasha stares at you and mumbles some strange words.
The magic dart hits you!
* * * LOW HITPOINT WARNING * * *
The shadow imp closely misses you.
You closely miss Natasha.
Natasha is almost dead.
Natasha hisses.
Natasha claws you!
You die...

................#..............#
###.#.......#..#...#..........#
###.#.###.#....#...#..........#
#.....###.#.#......#.........).
#.........#......#.#.....##..##
#....##...########....##.#....#
............'...........##.#
...#
#########...####....##.###.# #.#
######..........@..........#
#....#.#########5h..###.####
#....#.# .....#### ...
#....#.#####.###.# .##.#
+............# #.# .# #
#..†.#.####..# #.# .#
#)............ ..# ##
#....†##...... ###
###...........


You could see Natasha and a shadow imp.

Vanquished Creatures
  Jessica (D:2)
  Natasha (twice) (D:2)
  An adder (D:2)
  2 dart slugs (D:1)
  4 bats
  3 giant cockroaches (D:1)
  3 goblins
  7 hobgoblins
  2 frilled lizards (D:1)
  2 kobolds (D:1)
  4 rats (D:1)
31 creatures vanquished.

Notes
Turn   | Place    | Note
-------+----------+-------------------------------------------
     0 | D:1      | Amnesiac the Spriggan Fighter began the quest for the Orb.
     0 | D:1      | Reached XP level 1. HP: 11/11 MP: 2/2
   131 | D:1      | Reached XP level 2. HP: 16/16 MP: 3/3
   313 | D:1      | Reached skill level 1 in Armour
   463 | D:1      | Reached XP level 3. HP: 19/19 MP: 4/4
   576 | D:2      | Reached skill level 5 in Dodging
   617 | D:2      | Noticed Natasha
   624 | D:2      | Killed Natasha
   669 | D:2      | Noticed Jessica
   677 | D:2      | Killed Jessica
   677 | D:2      | Reached XP level 4. HP: 9/23 MP: 5/5
   821 | D:2      | Noticed Natasha
   853 | D:2      | Killed Natasha
   853 | D:2      | Reached skill level 6 in Dodging
   944 | D:2      | Noticed Natasha
   958 | D:2      | Slain by Natasha

Vault maps used:
D:1:      minmay_arrival_checkered_box
D:2:      minivault_24, uniq_jessica, uniq_natasha

Skill      XL: |  1  2  3  4 |
---------------+-------------+-----
Long Blades    | 2 |  2.0
Armour         | 1 |  1.0
Dodging        | 5 6 |  6.0
Fighting       | |  2.9
Shields        | |  2.5

Action                   |  1- 3 |  4- 6 || total
-------------------------+-------+-------++-------
Melee: Long sword        |    79 |    18 ||    97
  Use: Potion            |       |     1 ||     1
 Stab: Sleeping          |     2 |       ||     2
Armor: Robe              |     4 |     1 ||     5
Dodge: Dodged            |    76 |    14 ||    90
Block: Buckler           |    39 |     3 ||    42
       Rpst.: Long sword |    27 |     3 ||    30

Table legend:
 A = Spawn XP
 B = Non-spawn XP
 C = Spawn XP percentage of total XP
 D = Spawn monster count
 E = Non-spawn monster count
 F = Spawn count percentage of total count
 G = Total turns spent on level
                    A         B        C        D         E        F      G
               +---------+---------+-------+---------+---------+-------+---------
         Total |       0 |     168 |   0.0 |       0 |      31 |   0.0 |   958
               +---------+---------+-------+---------+---------+-------+---------
           D:1 |       0 |      44 |   0.0 |       0 |      24 |   0.0 |   562
           D:2 |       0 |     124 |   0.0 |       0 |       7 |   0.0 |   396
               +---------+---------+-------+---------+---------+-------+---------
